 Dungeon Crawl Stone Soup version 0.25-a0-610-gd0df705f03 (webtiles) character file.

Game seed: 17768155549267342910, levelgen mode: deterministic

39 n0claF the Shooter (level 3, 0/28 HPs)
             Began as a Human Hunter on Mar 16, 2020.
             Succumbed to an adder's poison
             ... on level 2 of the Dungeon.
             The game lasted 00:02:35 (1450 turns).

n0claF the Shooter (Human Hunter)                   Turns: 1450, Time: 00:02:36

Health: 0/28       AC:  3    Str: 13    XL:     3   Next: 67%
Magic:  3/3        EV: 12    Int: 11    God:
Gold:   59         SH:  0    Dex: 13    Spells: 2/2 levels left

rFire    . . .     SeeInvis .   l - +0 spear
rCold    + . .     Gourm    .   (no shield)
rNeg     . . .     Faith    .   c - +0 leather armour
rPois    .         Spirit   .   (no helmet)
rElec    .         Reflect  .   (no cloak)
rCorr    .         Harm     .   (no gloves)
MR       .....                  (no boots)
Stlth    +++.......             (no amulet)
HPRegen  0.09/turn              n - ring of stealth
MPRegen  0.08/turn              g - ring of protection from cold

@: lethally poisoned (0 -> -5)
A: no striking features
a: no special abilities


You were on level 2 of the Dungeon.
You were not hungry.

You visited 1 branch of the dungeon, and saw 2 of its levels.

You collected 59 gold pieces.

Inventory:

Hand Weapons
 a - a +1 shortbow
 b - a +0 short sword
 l - a +0 spear (weapon)
   (You found it on level 1 of the Dungeon)
Missiles
 d - 19 arrows
 k - 15 bolts
Armour
 c - a +0 leather armour (worn)
Jewellery
 g - a ring of protection from cold (right hand)
   (You found it on level 1 of the Dungeon)
 n - a ring of stealth (left hand)
   (You found it on level 1 of the Dungeon)
Scrolls
 h - 2 scrolls of identify {unknown}
 i - a scroll of enchant armour {unknown}
 j - a scroll of fear {unknown}
Potions
 f - a potion of lignification {unknown}
Comestibles
 e - 2 rations {!d}


   Skills:
 + Level 2.4 Fighting
 * Level 4.4 Bows
 + Level 2.4 Dodging
 + Level 1.7 Stealth


You had 2 spell levels left.
You didn't know any spells.
Your spell library was empty.

Dungeon Overview and Level Annotations

Branches:
Dungeon (2/15)

Altars:


Message History

The hobgoblin shouts!
You barely miss the hobgoblin. The hobgoblin hits you with a +0 club.
The adder hisses angrily.
You hit the hobgoblin. The hobgoblin hits you with a +0 club.
The frilled lizard hisses angrily.
You hit the hobgoblin but do no damage. The hobgoblin closely misses you.
You barely miss the hobgoblin. The hobgoblin barely misses you.
You closely miss the hobgoblin. The hobgoblin barely misses you.
You closely miss the hobgoblin.
The hobgoblin hits you but does no damage.
You hit the hobgoblin but do no damage. The hobgoblin hits you with a +0 club.
You hit the hobgoblin.
You kill the hobgoblin!
The adder bites you.
You are poisoned.
The adder poisons you!
You hit the adder but do no damage.
You feel sick. The adder bites you but does no damage.
You closely miss the adder. The adder bites you.
* * * LOW HITPOINT WARNING * * *
The adder bites you but does no damage.
You are too injured to fight recklessly!
You are too injured to fight recklessly!
You are too injured to fight recklessly!
You are too injured to fight recklessly!
You are too injured to fight recklessly!
You are too injured to fight recklessly!
You hit the adder but do no damage.
You feel sick. The adder bites you.
* * * LOW HITPOINT WARNING * * *
You are lethally poisoned!
The adder poisons you!
You closely miss the adder.
* * * LOW HITPOINT WARNING * * *
You feel sick. The adder closely misses you. x2
You hit the adder but do no damage. The adder misses you.
Unknown command.
You hit the adder.
* * * LOW HITPOINT WARNING * * *
You feel sick. The adder bites you but does no damage.
You hit the adder.
* * * LOW HITPOINT WARNING * * *
You feel sick. The adder bites you but does no damage.
The adder closely misses you.
You closely miss the adder. The adder misses you.
You closely miss the adder.
* * * LOW HITPOINT WARNING * * *
You feel sick. The adder bites you but does no damage. The adder bites you.
* * * LOW HITPOINT WARNING * * *
You hit the adder.
You die...

#..# #<.# ##..#####
####......... #......######
###.##...# ###########
#.....#### #.........#
#.###.######.........#
.######.# #...#.@Sl.........
........###...#.##..........
.######.......#.##..........
######..#.##......l...
###..#.##.....[....
#..................
#.#..#.##........
#.#..#.####.#.##. #.#..#>#
.#.#


You could see an adder and a frilled lizard.

Vanquished Creatures
  An adder (D:2)
  A worm (D:2)
  2 dart slugs (D:1)
  2 goblins (D:1)
  5 hobgoblins
  3 jackals (D:1)
  2 kobolds (D:1)
  3 bats (D:1)
  A frilled lizard (D:1)
  A rat (D:1)
21 creatures vanquished.

Notes
Turn   | Place    | Note
-------+----------+-------------------------------------------
     0 | D:1      | n0claF the Human Hunter began the quest for the Orb.
     0 | D:1      | Reached XP level 1. HP: 16/16 MP: 1/1
   388 | D:1      | Reached XP level 2. HP: 22/22 MP: 2/2
   891 | D:1      | Reached XP level 3. HP: 26/27 MP: 3/3
  1449 | D:2      | HP: 1/28 [adder (4)]
  1450 | D:2      | Succumbed to an adder's poison

Levels and vault maps discovered:
D:1:      minmay_arrival_hallway, layout_loops_ring
D:2:      layout_loops_ring, uniq_natasha

Action                   || total
-------------------------++-------
Melee: Short sword       ||    53
       Spear             ||    71
 Fire: Shortbow          ||     5
 Stab: Sleeping          ||     3
  Eat: Chunk             ||     2
Armor: Leather armour    ||    49
Dodge: Dodged            ||   106

Table legend:
 A = Non-vault XP
 B = Vault XP
 C = Vault XP percentage of total XP
 D = Non-vault monster count
 E = Vault monster count
 F = Vault count percentage of total count
                 A         B        C        D         E       F
            +---------+---------+-------+---------+---------+-------
      Total |      56 |       0 |   0.0 |      21 |       0 |   0.0
            +---------+---------+-------+---------+---------+-------
        D:1 |      34 |       0 |   0.0 |      17 |       0 |   0.0
        D:2 |      22 |       0 |   0.0 |       4 |       0 |   0.0
            +---------+---------+-------+---------+---------+-------
